 Dungeon Crawl Stone Soup version 0.14-a0-102-g2341383 (console) character file.

134 Kellhus the Ruinous (level 3, -1/17 HPs)
             Began as a Gargoyle Wizard on Oct 2, 2013.
             Slain by a gnoll
             ... wielding a +0,+0 flail
              (9 damage)
             ... on Level 1 of the Dungeon.
             The game lasted 00:02:08 (1378 turns).

Kellhus the Ruinous (Gargoyle Wizard)               Turns: 1378, Time: 00:02:08

HP  -1/17        AC  6     Str 10      XL: 3   Next: 91%
MP   0/9         EV 11     Int 19      God:
Gold 80          SH  0     Dex  8      Spells:  1 memorised,  7 levels left

Res.Fire  : . . .   See Invis. : .   h - +1,-3 elf whip (curse)
Res.Cold  : . . .   Warding    : .   a - +0 robe
Life Prot.: + . .   Conserve   : .   (no shield)
Res.Poison: +       Res.Corr.  : .   b - +0 wizard hat
Res.Elec. : +       Clarity    : .   f - +0 cloak (curse)
Sust.Abil.: . .     Spirit.Shd : .   (no gloves)
Res.Mut.  : .       Stasis     : .   (no boots)
Res.Rott. : +       Flight     : .   (no amulet)
Saprovore : . . .                    (no ring)
                                     (no ring)

@: not resistant to hostile enchantments, unstealthy
A: fangs 1, talons 2, life protection 1, electricity resistance, slow metabolism
1, unbreathing, petrification resistance, AC +3
a: no special abilities


You were on level 1 of the Dungeon.
You were not hungry.

You visited 1 branch of the dungeon, and saw 2 of its levels.

You collected 60 gold pieces.

Inventory:

Hand weapons
 h - a cursed +1,-3 elven whip (weapon)
Armour
 a - a +0 robe (worn)
 b - a +0 wizard hat (worn)
 f - a cursed +0 cloak (worn)
Comestibles
 d - a bread ration
 n - 15 grapes
 p - a meat ration
Scrolls
 i - 4 scrolls of teleportation {unknown}
 j - 4 scrolls of identify {unknown}
 o - a scroll of enchant armour {unknown}
Potions
 e - a potion of agility {unknown}
 g - 3 potions of curing {unknown}
 k - a potion of speed {unknown}
 l - a potion of heal wounds {unknown}
 m - a potion of flight {unknown}
Books
 c - a book of Minor Magic

   Spells                             Type                      Level
   *Magic Dart                        Conjuration                  1
   Blink                              Translocation                2
   Call Imp                           Summoning                    2
   Repel Missiles                     Charms/Air                   2
   Slow                               Hexes                        2
   Conjure Flame                      Conjuration/Fire             3
   Mephitic Cloud                     Conjuration/Poison/Air       3


   Skills:
 - Level 1.5 Dodging
 - Level 2.1 Stealth
 - Level 3.0 Spellcasting
 + Level 4.0 Conjurations
   Level 0.8 Summonings
   Level 0.8 Translocations


You had 7 spell levels left.
You knew the following spells:

 Your Spells              Type           Power        Failure   Level  Hunger
a - Magic Dart            Conj           ###.         3%          1    None


Dungeon Overview and Level Annotations

Branches:
Dungeon (2/27)

Altars:


Innate Abilities, Weirdness & Mutations

You are resistant to torment.
You are immune to poison.
Your stone body is very resilient (AC +3).
You have very sharp teeth.
You have razor-sharp toenails.
You resist negative energy.
You are resistant to electric shocks.
You have a slow metabolism.
You can survive without breathing.
You are immune to petrification.


Message History

The gnoll is almost dead.
The gnoll hits you with a flail.
Casting: Magic Dart
Confirm with . or Enter, or press ? or * to list all spells.
Aiming: Magic Dart
Press: ? - help, Shift-Dir - straight line, f/p - gnoll
Aim: a gnoll, wielding a flail (almost dead)
The magic dart hits the gnoll.
The gnoll is almost dead.
The gnoll closely misses you.
Casting: Magic Dart
Confirm with . or Enter, or press ? or * to list all spells.
Aiming: Magic Dart
Press: ? - help, Shift-Dir - straight line, f/p - gnoll
Aim: a gnoll, wielding a flail (almost dead)
The magic dart hits the gnoll.
The gnoll is almost dead.
The gnoll hits you with a flail!
Ouch! That really hurt!
You die...

#####.##...#...#.# #.#
...........#...#.###.#####
......######.............#
.........................#
############.............#
.........................#
...............#####.#####
####################.#
#...g@....#
############.........#
....>..%.............#
######################


You could see a gnoll.

Vanquished Creatures
  3 adders (D:2)
  An ooze (D:2)
  5 goblins
  5 hobgoblins (D:1)
  A quokka (D:2)
  A bat (D:1)
  A giant cockroach (D:1)
  2 giant geckos (D:1)
  A giant newt (D:1)
  6 kobolds
  A rat (D:2)
27 creatures vanquished.

Notes
Turn   | Place    | Note
--------------------------------------------------------------
     0 | D:1      | Kellhus, the Gargoyle Wizard, began the quest for the Orb.
     0 | D:1      | Reached XP level 1. HP: 8/8 MP: 5/5
   336 | D:1      | Reached XP level 2. HP: 9/13 MP: 0/7
   982 | D:2      | Reached XP level 3. HP: 5/17 MP: 0/9
  1325 | D:2      | Reached skill level 4 in Conjurations
  1378 | D:1      | Slain by a gnoll

Action                   || total
-------------------------++-------
Melee: Unarmed           ||    10
       Whip              ||    14
 Cast: Magic Dart        ||    83
